 Dungeon Crawl Stone Soup version 0.29.1-15-g9cfb28693d (webtiles) character file.

Game seed: 8035811802536566192

413 Heoruswealwe the Magician (level 6, -9/32 HPs)
             Began as a Deep Elf Conjurer on Mar 7, 2023.
             Killed from afar by Dowan (10 damage)
             ... with a puff of frost
             ... on level 5 of the Dungeon.
             The game lasted 00:47:31 (3135 turns).

Heoruswealwe the Magician (Deep Elf Conjurer)       Turns: 3135, Time: 00:47:32

Health: -9/32      AC:  3    Str:  4    XL:     6   Next: 59%
Magic:  4/18       EV: 12    Int: 25    God:
Gold:   346        SH:  0    Dex: 13    Spells: 16/19 levels left

rFire   . . .      SeeInvis .   n - +1 dagger (speed)
rCold   . . .      Faith    .   (no shield)
rNeg    . . .      Spirit   .   h - +0 robe
rPois   .          Reflect  .   i - +0 helmet
rElec   .          Harm     .   (no cloak)
rCorr   .          Rampage  .   (no gloves)
Will    .....                   (no boots)
Stlth   ++........              (no amulet)
HPRegen 0.10/turn               (no ring)
MPRegen 0.16/turn               (no ring)

@: no status effects
A: no striking features
a: no special abilities


You were on level 5 of the Dungeon.
You visited 2 branches of the dungeon, and saw 6 of its levels.

You collected 349 gold pieces.
You donated 3 gold pieces to Zin.

Inventory:

Hand Weapons
 l - the +5 sling of Autumn {freeze, rF+ rCorr}
   (You found it on level 2 of the Dungeon)

   Any ammunition fired from it freezes those it strikes, dealing additional
   cold damage.
   It can also slow down cold-blooded creatures.
   rF:        It protects you from fire.
   rCorr:     It protects you from acid and corrosion.
 n - a +1 dagger of speed (weapon)
Armour
 h - a +0 robe (worn)
 i - a +0 helmet (worn)
 j - +0 fire dragon scales
Wands
 k - a wand of acid (10)
Scrolls
 a - a scroll of teleportation {unknown}
 f - a scroll of enchant armour {unknown}
 m - a scroll of torment {unknown}
 o - a scroll of blinking {unknown}
Potions
 b - a potion of magic
 c - 2 potions of haste
 d - a potion of attraction {unknown}
 e - 2 potions of curing
 g - 2 potions of lignification {unknown}
 p - a potion of brilliance {unknown}


   Skills:
 - Level 2.4 Dodging
 - Level 2.4 Stealth
 + Level 7.0 Spellcasting
 + Level 6.9 Conjurations


You had 16 spell levels left.
You knew the following spells:

 Your Spells              Type           Power      Damage    Failure   Level
a - Magic Dart            Conj           100%       1d8       1%          1
b - Searing Ray           Conj           86%        2d7       1%          2

Your spell library contained the following spells:

 Spells                   Type           Power      Damage    Failure   Level
 Foxfire                  Conj/Fire      100%       2x1d9     1%          1
 Conjure Flame            Conj/Fire      26%        6-21      4%          3
 Dazzling Flash           Conj/Hex       52%        N/A       4%          3
 Sublimation of Blood     Necr           8%         N/A       10%         2
 Wereblood                Tmut           8%         N/A       10%         2
 Flame Wave               Conj/Fire      26%        2d8       16%         4
 Fulminant Prism          Conj/Hex       13%        3d9       16%         4
 Iskenderun's Mystic Bla  Conj/Tloc      26%        2d7       16%         4
 Inner Flame              Hex/Fire       8%         N/A       21%         3
 Irradiate                Conj/Tmut      13%        3d16      41%         5
 Petrify                  Tmut/Erth      8%         N/A       54%         4
 Summon Hydra             Summ           4%         N/A       100%        7
 Chain Lightning          Conj/Air       13%        3d17      100%        9
 Fire Storm               Conj/Fire      13%        8d3       100%        9
 Shatter                  Erth           4%         3d7*      100%        9


Dungeon Overview and Level Annotations

Branches:
Dungeon (5/15)             Temple (1/1) D:4

Altars:
Cheibriados
Elyvilon
Fedhas
Hepliaklqana
Kikubaaqudgha
Makhleb
Nemelex Xobeh
Okawaru
Ru
Sif Muna
Uskayaw
Wu Jian
Xom
Zin
The Shining One

Shops:
D:3 [

Annotations:
D:5 Dowan


Message History

Confirm with . or Enter, or press ? or * to list all spells.
Aiming: Magic Dart (safe; 1% risk of failure)
Press: ? - help, Shift-Dir - straight line, f/p - Dowan
Aim: Dowan, wielding a +0 dagger and wearing a +0 robe (100% to hit)
The magic dart hits Dowan!
Dowan is moderately wounded.
Casting: Magic Dart (safe; 1% risk of failure)
Confirm with . or Enter, or press ? or * to list all spells.
Okay, then.
Casting: Magic Dart (safe; 1% risk of failure)
Confirm with . or Enter, or press ? or * to list all spells.
Aiming: Magic Dart (safe; 1% risk of failure)
Press: ? - help, Shift-Dir - straight line, f/p - Dowan
Aim: Dowan, wielding a +0 dagger and wearing a +0 robe (moderately wounded, 100% to hit)
The magic dart hits Dowan.
Dowan is heavily wounded.
Dowan casts a spell at you. You resist with some effort.
Casting: Magic Dart (safe; 1% risk of failure)
Confirm with . or Enter, or press ? or * to list all spells.
Aiming: Magic Dart (safe; 1% risk of failure)
Press: ? - help, Shift-Dir - straight line, f/p - Dowan
Aim: Dowan, wielding a +0 dagger and wearing a +0 robe (heavily wounded, 100% to hit)
The magic dart hits Dowan.
Dowan is heavily wounded.
Casting: Magic Dart (safe; 1% risk of failure)
Confirm with . or Enter, or press ? or * to list all spells.
Aiming: Searing Ray (safe; 1% risk of failure)
Press: ? - help, Shift-Dir - straight line, f/p - Dowan
Aim: Dowan, wielding a +0 dagger and wearing a +0 robe (heavily wounded, 75% to hit)
The searing ray hits Dowan!
Dowan is severely wounded. (Press . to maintain the ray.) Dowan casts a spell at you.
The puff of flame hits you!
* * * LOW HITPOINT WARNING * * *
The searing ray misses Dowan.
Dowan casts a spell at you. The puff of frost hits you!
You die...

#.. #..# #..# ##.# #..#
.# #..## #..# #..#
..#####...# ##..# #..#
..........####...# #..#
.................###..#
....ยง............##...#
......................#
............e...@.....#
....................###
.........############
......#### <>...# ..[.#
####


You could see Dowan.

Vanquished Creatures
  Prince Ribbit (D:5)
  An ogre (D:4)
  3 gnolls (D:4)
  5 adders
  2 worms
  2 dart slugs
  7 ball pythons
  3 endoplasms
  5 giant cockroaches
  5 goblins
  4 hobgoblins
  2 jackals (D:3)
  5 quokkas
  5 bats
  7 kobolds
  5 rats
62 creatures vanquished.

Vanquished Creatures (others)
  2 fungi (D:1)
  4 plants (D:1)
6 creatures vanquished.

Grand Total: 68 creatures vanquished

Notes
Turn   | Place    | Note
-------+----------+-------------------------------------------
     0 | D:1      | Heoruswealwe the Deep Elf Conjurer began the quest for the
                  | Orb.
     0 | D:1      | Reached XP level 1. HP: 10/10 MP: 6/6
   125 | D:1      | Found a faded altar of an unknown god.
   175 | D:1      | Prayed at the altar of an unknown god.
   175 | D:1      | Became a worshipper of Zin the Law-Giver
   175 | D:1      | Reached * piety under Zin
   177 | D:1      | Fell from the grace of Zin
   196 | D:1      | Reached XP level 2. HP: 13/15 MP: 4/8
   450 | D:1      | You fall into a shaft and drop 1 floor!
   859 | D:1      | Reached skill level 4 in Spellcasting
  1150 | D:2      | Reached XP level 3. HP: 10/19 MP: 2/10
  1151 | D:2      | Reached skill level 5 in Conjurations
  1165 | D:2      | Learned a level 2 spell: Searing Ray
  1591 | D:2      | Identified the +5 sling of Autumn {freeze, rF+ rCorr}
  1793 | D:3      | Found Lohuim's Armour Shoppe.
  2039 | D:4      | Found a snail-covered altar of Cheibriados.
  2140 | D:4      | Noticed an ogre
  2153 | D:4      | Killed an ogre
  2154 | D:4      | Reached skill level 5 in Spellcasting
  2154 | D:4      | Reached XP level 4. HP: 24/24 MP: 2/13
  2154 | D:4      | Reached XP level 5. HP: 28/28 MP: 2/15
  2223 | D:4      | Found an ancient bone altar of Kikubaaqudgha.
  2254 | D:4      | Found a staircase to the Ecumenical Temple.
  2285 | Temple   | Entered the Ecumenical Temple
  2644 | D:4      | Reached skill level 6 in Spellcasting
  3090 | D:5      | Entered Level 5 of the Dungeon
  3090 | D:5      | Noticed Prince Ribbit
  3096 | D:5      | Killed Prince Ribbit
  3097 | D:5      | Reached skill level 7 in Spellcasting
  3097 | D:5      | Reached XP level 6. HP: 7/32 MP: 7/18
  3120 | D:5      | Noticed Dowan
  3134 | D:5      | HP: 1/32 [Dowan/puff of flame (10)]
  3135 | D:5      | Killed from afar by Dowan

Illustrated notes

Levels and vault maps discovered:
D:1:      tarquinn_simple_flora_water_d, layout_rooms,
          ebering_ecumenical_altar_rust, serial_co_window_serial,
          co_window_corner_a, co_window_paths_a, co_window_corner_a,
          co_window_paths_b, co_window_corner_a, co_window_paths_a,
          co_window_corner_a, co_window_paths_b, co_window_paths_b,
          co_window_unsneaky_path_e, co_window_unsneaky_path_b,
          co_window_broadway_a, grunt_decor_junction
D:2:      layout_rooms
D:3:      layout_rooms, serial_shops, shop_coins
D:4:      layout_basic, overflow_temple_1_default, slow_altar_2,
          minmay_temple_entry_mist
D:5:      layout_layer_cave, kennysheep_nondescript, uniq_prince_ribbit1,
          uniq_duvessa
Temple:   hellmonk_temple_flake

Skill      XL: |  1  2  3  4  5 |
---------------+----------------+-----
Spellcasting   | 4 5 7 |  7.0
Conjurations   | 5 6 |  6.9
Dodging        | |  2.4
Stealth        | |  2.4

Action                   |  1- 3 |  4- 6 || total
-------------------------+-------+-------++-------
Melee: Dagger            |    25 |     1 ||    26
 Cast: Magic Dart        |    98 |    36 ||   134
       Searing Ray       |     2 |     5 ||     7
Invok: Renounce Religion |     1 |       ||     1
  Use: Scroll            |     7 |       ||     7
Armor: Robe              |     3 |     2 ||     5
Dodge: Dodged            |    17 |    13 ||    30
